 Dungeon Crawl Stone Soup version 0.19.5 (webtiles) character file.

154 McKennaii the Gusty (level 5, 0/32 HPs)
             Began as a High Elf Air Elementalist on Apr 16, 2017.
             Slain by a bullfrog (2 damage)
             ... on level 3 of the Dungeon.
             The game lasted 00:07:46 (1909 turns).

McKennaii the Gusty (High Elf Air Elementalist)     Turns: 1909, Time: 00:07:47

Health: 0/32       AC:  2    Str:  7    XL:     5   Next: 13%
Magic:  2/11       EV: 13    Int: 19    God:
Gold:   153        SH:  0    Dex: 16    Spells: 3 memorised, 6 levels left

rFire  . . .     SeeInvis .     (no weapon)
rCold  . . .     Gourm    .     a - +0 robe
rNeg   . . .     Faith    .     (no shield)
rPois  .         Spirit   .     (no helmet)
rElec  .         Reflect  .     (no cloak)
rCorr  .         Harm     .     (no gloves)
MR     .....                    (no boots)
Stlth  ++........               (no amulet)
                                (no ring)
                                (no ring)

@: very slightly contaminated, repel missiles
A: no striking features
a: no special abilities


You were on level 3 of the Dungeon.
You were not hungry.

You visited 1 branch of the dungeon, and saw 3 of its levels.

You collected 153 gold pieces.

Inventory:

Armour
 a - a +0 robe (worn)
Scrolls
 c - a scroll of teleportation {unknown}
 e - 2 scrolls of identify {unknown}
 f - a scroll of fog {unknown}
 k - a scroll of amnesia {unknown}
Potions
 d - a potion of flight {unknown}
 g - a potion of cancellation {unknown}
 h - a potion of brilliance {unknown}
 i - a potion of heal wounds {unknown}
 j - 3 potions of curing {unknown}
Books
 b - a book of Air

   Spells                             Type                      Level
   a - Shock                          Conjuration/Air              1
   b - Swiftness                      Charms/Air                   2
   c - Repel Missiles                 Charms/Air                   2
   d - Static Discharge               Conjuration/Air              3
   e - Lightning Bolt                 Conjuration/Air              5
Comestibles
 l - a bread ration


   Skills:
 + Level 0.6 Fighting
 + Level 2.9 Dodging
 + Level 2.4 Stealth
 + Level 0.7 Unarmed Combat
 + Level 3.5 Spellcasting
 + Level 2.4 Conjurations
 + Level 5.0 Air Magic


You had 6 spell levels left.
You knew the following spells:

 Your Spells              Type           Power        Failure   Level  Hunger
a - Shock                 Conj/Air       ###.         3%          1    None
b - Swiftness             Chrm/Air       ##......     10%         2    ##.....
c - Repel Missiles        Chrm/Air       ##....       10%         2    ##.....


Dungeon Overview and Level Annotations

Branches:
Dungeon (3/15)

Altars:
Dithmenos

Annotations:
D:3 Hasye's ghost, amateur HuBe


Message History

Confirm with . or Enter, or press ? or * to list all spells.
Aiming: Shock
Press: ? - help, Shift-Dir - straight line You miscast Shock.
Your hair stands on end.
The bullfrog hits you.
* * * LOW HITPOINT WARNING * * *
The bullfrog closely misses you.
Casting: Shock
Confirm with . or Enter, or press ? or * to list all spells.
Aiming: Shock
Press: ? - help, Shift-Dir - straight line The zap hits the bullfrog.
The bullfrog is almost dead.
The zap misses the bullfrog.
The bullfrog hits you!
* * * LOW HITPOINT WARNING * * *
Casting: Shock
Confirm with . or Enter, or press ? or * to list all spells.
Aiming: Shock
Press: ? - help, Shift-Dir - straight line You miscast Shock.
You feel a strange surge of energy! The bullfrog hits you.
You die...

#####################.
................(....>
######(#############.
#F# #@# #.# #.# #.#
#.# #.# #.# #.# #.#


You could see a bullfrog.

Vanquished Creatures
  A bullfrog (D:3)
  3 adders
  A worm (D:2)
  A dart slug (D:3)
  4 leopard geckos
  An orc (D:3)
  3 bats
  A giant cockroach (D:2)
  6 goblins
  5 hobgoblins
  5 jackals
  7 kobolds
  2 ball pythons (D:1)
  2 frilled lizards
  17 rats
59 creatures vanquished.

Notes
Turn   | Place    | Note
-------+----------+-------------------------------------------
     0 | D:1      | McKennaii the High Elf Air Elementalist began the quest for the Orb.
     0 | D:1      | Reached XP level 1. HP: 11/11 MP: 4/4
   150 | D:1      | Reached skill level 4 in Air Magic
   164 | D:1      | Reached XP level 2. HP: 13/17 MP: 0/6
   181 | D:1      | Learned a level 2 spell: Swiftness
   184 | D:1      | Learned a level 2 spell: Repel Missiles
   727 | D:2      | Reached XP level 3. HP: 21/21 MP: 6/8
  1035 | D:2      | Reached XP level 4. HP: 22/27 MP: 4/9
  1683 | D:3      | Noticed Hasye's ghost (amateur HuBe)
  1766 | D:3      | Noticed a bullfrog
  1767 | D:3      | Found a shadowy altar of Dithmenos.
  1775 | D:3      | Killed a bullfrog
  1775 | D:3      | Reached skill level 5 in Air Magic
  1775 | D:3      | Reached XP level 5. HP: 16/32 MP: 4/11
  1909 | D:3      | Slain by a bullfrog

Skill      XL: |  1  2  3  4 |
---------------+-------------+-----
Air Magic      | 4 5 |  5.0
Spellcasting   | 3 |  3.5
Conjurations   | 2 |  2.4
Fighting       | |  0.6
Dodging        | |  2.9
Stealth        | |  2.4
Unarmed Combat | |  0.7

Action                   |  1- 3 |  4- 6 || total
-------------------------+-------+-------++-------
Melee: Unarmed           |    47 |       ||    47
 Cast: Shock             |    73 |    53 ||   126
       Repel Missiles    |       |     1 ||     1
  Eat: Bread ration      |     1 |       ||     1
Armor: Robe              |    16 |     3 ||    19
Dodge: Dodged            |    39 |    19 ||    58
